Map: Abyssal Reef LE

Players

LiquidSnute (Snute) - Winner!

  • Race: Zerg Zerg
  • Spawn Location: 5:00

LiquidTLO (TLO)

  • Race: Zerg Zerg
  • Spawn Location: 11:00

Event: IEM XI Katowice - World Championship 2017

VOD

Have the link to the VOD?

Description

Time

  • Played on: Feb. 27, 2017, 8:44 a.m.
  • Length: 4:03

All games in this series

Show
View Real Time Build Order
Export as new Build Order

LiquidSnute Zerg - Winner!

Build Orders: Pool First 

Get SALT Encoding   

  12  0:00  Drone  
  13  0:12  Overlord  
  13  0:16  Drone  
  14  0:31  Drone x2  
  14  0:34  Drone  
  17  0:37  Extractor  
  16  0:46  Spawning Pool  
  15  0:50  Drone  
  15  0:56  Drone  
  17  1:07  Drone  
  18  1:22  Hatchery  
  17  1:33  Queen  
  17  1:38  Metabolic Boost  
  19  1:43  Zergling x2  
  20  1:49  Overlord  
  20  2:04  Zergling x2  
  21  2:08  Queen  
  23  2:15  Baneling Nest  
  23  2:17  Zergling x4  
  23  2:20  Zergling x2  
  25  2:31  Zergling x2  
  25  2:35  Zergling x2  
  27  2:41  Zergling x4  
  27  2:42  Zergling x4  
  31  2:49  Overlord  
  31  2:55  Zergling x2  
  31  2:56  Zergling x2  
  33  3:07  Drone x2  
  33  3:08  Baneling x2  
  34  3:16  Drone x3  
  37  3:21  Drone  
  38  3:29  Baneling  
  38  3:30  Drone x2  
  38  3:33  Drone  
  41  3:37  Baneling  
  40  3:41  Drone x3  
  40  3:45  Drone  
  40  3:47  Drone  
  40  3:50  Drone  
Show
View Real Time Build Order
Export as new Build Order

LiquidTLO Zerg 

Build Orders: Pool First 

Get SALT Encoding   

  12  0:00  Drone  
  13  0:13  Overlord  
  13  0:17  Drone  
  14  0:31  Drone  
  14  0:32  Drone  
  16  0:39  Drone  
  17  0:43  Extractor  
  17  0:46  Spawning Pool  
  15  0:50  Drone  
  15  0:57  Drone  
  17  1:07  Drone  
  18  1:22  Hatchery  
  17  1:27  Drone  
  18  1:34  Queen  
  20  1:41  Overlord  
  20  1:48  Metabolic Boost  
  20  1:53  Drone  
  22  2:01  Zergling x4  
  23  2:11  Queen  
  25  2:15  Zergling x2  
  26  2:23  Baneling Nest  
  26  2:25  Zergling x2  
  26  2:33  Drone  
  27  2:38  Drone  
  27  2:41  Drone  
  29  2:44  Drone x2  
  29  2:47  Drone x2  
  33  2:55  Drone x2  
  33  3:08  Baneling  
  33  3:09  Zergling x2  
  33  3:12  Zergling x2  
  35  3:13  Zergling x2  
  35  3:19  Overlord  
  36  3:22  Baneling  
  35  3:27  Baneling  
  35  3:28  Zergling x2  
  35  3:29  Overlord  
  35  3:36  Zergling x4  
  35  3:38  Zergling x2  
  34  3:42  Zergling x2  
  34  3:46  Zergling x4  

Tags
 
Add a new tag
Caveats
  • Supply blocks, unpowered buildings, or Contaminate may cause inaccurate times.
  • Supply counts are checked every 10 seconds.